 Dungeon Crawl Stone Soup version 0.17-a0-1-g1f4be75 (webtiles) character file.

206 McCoppin the Shooter (level 5, 0/45 HPs)
             Began as a Naga Hunter on Mar 4, 2015.
             Slain by an orc
             ... wielding a +3 hand axe of chopping
              (1 damage)
             ... on level 4 of the Dungeon.
             The game lasted 00:14:15 (4565 turns).

McCoppin the Shooter (Naga Hunter)                  Turns: 4565, Time: 00:14:15

Health: 0/45       AC:  7    Str: 15    XL:     5   Next: 84%
Magic:  5/7        EV:  7    Int: 11    God:
Gold:   130        SH:  0    Dex: 14    Spells: 0 memorised, 4 levels left

rFire  . . .     SeeInvis +     w - +0 short sword
rCold  . . .     Clarity  .     p - +0 scale mail
rNeg   . . .     SustAb   .     (no shield)
rPois  +         Gourm    .     t - +0 helmet
rElec  .         Spirit   .     i - +1 cloak {+Inv}
rCorr  .         Warding  .     (no gloves)
rMut   .         Stasis   .     (no barding)
MR     .....                    s - amulet of inaccuracy (curse)
Stlth  ++........               D - +2 ring of dexterity
                                u - ring of stealth

@: very slightly contaminated, invisible, very slow, not resistant to hostile
enchantments, unstealthy
A: spit poison, see invisible, deformed body, poison resistance, slowness 2, AC
+1
a: Spit Poison, Turn Visible


You were on level 4 of the Dungeon.
You were not hungry.

You visited 1 branch of the dungeon, and saw 4 of its levels.

You collected 130 gold pieces.

Inventory:

Hand weapons
 a - a +0 war axe
 b - a +1 shortbow
 w - a +0 short sword (weapon)
 z - a +0 blowgun
Missiles
 A - 4 poisoned needles
Armour
 d - a +0 leather armour
 i - a +1 cloak of invisibility (worn)
 p - a +0 scale mail (worn)
 t - a +0 helmet (worn)
 y - a +0 chain mail
Jewellery
 s - a cursed amulet of inaccuracy (around neck)
 u - a ring of stealth (left hand)
 D - a +2 ring of dexterity (right hand)
Scrolls
 k - a scroll of noise
 m - 2 scrolls of identify
 n - a scroll of teleportation
Potions
 e - a potion of heal wounds
 j - a potion of ambrosia {unknown}
 l - a potion of resistance {unknown}
 v - a potion of haste {unknown}
 B - a potion of restore abilities {unknown}
Books
 x - a book of Callings

   Spells                             Type                      Level
   a - Summon Small Mammal            Summoning                    1
   b - Call Imp                       Summoning                    2
   c - Call Canine Familiar           Summoning                    3
   d - Summon Guardian Golem          Hexes/Summoning              4
   e - Summon Lightning Spire         Summoning/Air                4
   f - Summon Ice Beast               Ice/Summoning                4
Comestibles
 f - a bread ration
 o - a meat ration
 q - a beef jerky
 r - 3 royal jellies


   Skills:
 - Level 2.0 Fighting
 - Level 5.5 Bows
 - Level 1.5 Dodging
 - Level 1.5 Stealth
 + Level 3.2 Evocations


You had 4 spell levels left.
You didn't know any spells.

Dungeon Overview and Level Annotations

Branches:
Dungeon (4/15)
 Temple: D:4-7

Altars:
Ashenzari
Fedhas


Innate Abilities, Weirdness & Mutations

You cannot wear boots.
You can spit poison.
Your serpentine skin is tough (AC +1).
You have supernaturally acute eyesight.
Armour fits poorly on your strangely shaped body.
Your system is resistant to poisons.
You cover ground very slowly.


Message History

The orc wizard hits you with a dagger.
* * * LOW HITPOINT WARNING * * *
The orc closely misses you.
You catch the helpless orc wizard completely off-guard!
You puncture the orc wizard!
The orc wizard is heavily wounded.
The orc hits you with a hand axe of chopping.
* * * LOW HITPOINT WARNING * * *
x2 The orc closely misses you.
You miss the orc wizard.
The orc wizard is heavily wounded.
The orc wizard barely misses you.
Your scale mail prevents you from hitting the orc wizard.
The orc wizard is heavily wounded.
The orc wizard gestures at you while chanting.
The puff of flame misses you. The orc hits you but does no damage.
The orc wizard hits you but does no damage.
The orc hits you with a hand axe of chopping!
* * * LOW HITPOINT WARNING * * *
You die...

#....#....#....#
......#....#.##........
.....#....#.##.......
..... #....#.##.......
###....#....#.##.......
.................#.###
#.....####..#....#.#
#......o(((.######.#
...#..o@o.........
#.#.....######
#...........
###########.


You could see an orc wizard and 2 orcs.

Vanquished Creatures
  A worker ant (D:4)
  Robin (D:2)
  7 adders
  2 worms (D:2)
  2 giant geckos
  An ooze (D:2)
  An orc (D:4)
  4 ball pythons
  5 giant cockroaches
  15 goblins
  10 hobgoblins
  5 jackals (D:1)
  9 kobolds
  9 bats
  6 giant newts
  2 quokkas (D:2)
  10 rats
90 creatures vanquished.

Notes
Turn   | Place    | Note
--------------------------------------------------------------
     0 | D:1      | McCoppin, the Naga Hunter, began the quest for the Orb.
     0 | D:1      | Reached XP level 1. HP: 19/19 MP: 1/1
   214 | D:1      | Reached skill level 4 in Bows
   214 | D:1      | Reached XP level 2. HP: 6/26 MP: 2/2
  1040 | D:1      | Reached XP level 3. HP: 30/32 MP: 3/3
  1781 | D:2      | Reached skill level 5 in Bows
  1781 | D:2      | Reached XP level 4. HP: 32/39 MP: 4/4
  1993 | D:2      | Noticed Robin
  2016 | D:2      | Killed Robin
  2675 | D:2      | Reached skill level 1 in Evocations
  2675 | D:2      | Reached XP level 5. HP: 15/45 MP: 5/5
  3985 | D:3      | Found a blossoming altar of Fedhas.
  4138 | D:3      | Found a shattered altar of Ashenzari.
  4143 | D:3      | Saw a vision of the Swamp and the Spider Nest.
  4143 | D:3      | Noticed a redback
  4143 | D:3      | Noticed an alligator
  4143 | D:3      | Noticed a swamp drake
  4143 | D:3      | Noticed an alligator
  4144 | D:3      | Noticed a redback
  4145 | D:3      | Noticed a redback
  4147 | D:3      | Noticed a spider
  4148 | D:3      | Noticed a baby alligator
  4565 | D:4      | HP: 1/45 [orc/hand axe of chopping (7)]
  4565 | D:4      | Slain by an orc

Action                   |  1- 3 |  4- 6 || total
-------------------------+-------+-------++-------
Melee: Short sword       |    16 |   192 ||   208
       War axe           |       |   163 ||   163
 Fire: Shortbow          |    84 |    80 ||   164
 Abil: Evoke Invisibilit |       |     2 ||     2
  Use: Scroll            |       |     6 ||     6
       Potion            |       |     5 ||     5
 Stab: Sleeping          |     1 |       ||     1
       Invisible         |       |     2 ||     2
  Eat: Chunk             |     2 |     3 ||     5
       Bread ration      |       |     2 ||     2
